 Dungeon Crawl Stone Soup version 0.31.0-11-ge490571c62 (webtiles) character file.

Game seed: 9784980661577896444

82167 monsoonserge the Basher (level 15, -18/119 HPs)
             Began as a Gnoll Reaver on Feb 1, 2024.
             Was a Plaything of Xom.
             Demolished by a very large slime creature (38 damage)
             ... on level 12 of the Dungeon.
             The game lasted 01:33:57 (19798 turns).

monsoonserge the Basher (Gnoll Reaver)             Turns: 19798, Time: 01:33:59

Health: -18/119    AC: 16    Str: 34 (35) XL:     15   Next: 72%
Magic:  48/48      EV: 14    Int:  9      God:    Xom [*.....]
Gold:   2842       SH:  8    Dex: 10      Spells: 16/37 levels left

rFire   + + +        w - +8 broad axe of Prudence {speed, rC+ MP+9 Int-4 Dex+3}
rCold   + . .        Q - +2 buckler
rNeg    + . .        s - +0 fire dragon scales of Summertime {rF++ rC- rN+ MP+9 Str+3}
rPois   +            (helmet restricted)
rElec   +            h - +2 cloak of Youthful Indiscretion {Str+2}
rCorr   .            (no gloves)
SInv    .            x - +0 pair of boots
Will    ++...        a - amulet "Yxealy" {rElec rPois rF+ Regen+ Str+3}
Stlth   +++          d - ring of Yhieniext {rF+ Will+ Int+2 Dex-2}
HPRegen 1.19/turn    U - ring of Oqoelun {Wiz Str+5}
MPRegen 0.31/turn

%: wizardry (x1)
@: no status effects
A: fangs 2, strong nose, distributed training, horns 1, cold resistance 1,
deterioration 1, dopey 1, sense surroundings 1, strong 1, evolution 1
a: Renounce Religion


You were on level 12 of the Dungeon.
You worshipped Xom.
You were a special plaything of Xom.
You visited 3 branches of the dungeon, and saw 18 of its levels.
You also visited: Gauntlet and Ice Cave.

You collected 3096 gold pieces.
You spent 254 gold pieces at shops.

Inventory:

Hand Weapons
 w - the +8 broad axe of Prudence (weapon) {speed, rC+ MP+9 Int-4 Dex+3}
   (You bought it in a shop on level 3 of the Dungeon)

   Int-4:     It affects your intelligence (-4).
   Dex+3:     It affects your dexterity (+3).
   rC+:       It protects you from cold.
   MP+9:      It affects your magic capacity (+9).
Missiles
 m - a curare-tipped dart
 A - 9 silver javelins
 I - 4 throwing nets
 P - 7 boomerangs (quivered)
Armour
 h - the +2 cloak of Youthful Indiscretion (worn) {Str+2}
   (You found it in a Gauntlet)

   Str+2:     It affects your strength (+2).
 o - the +2 ring mail of Biushrikiu {Rampage rF+ Str+2 Stlth+}
   (You acquired it on level 7 of the Dungeon)

   Str+2:     It affects your strength (+2).
   rF+:       It protects you from fire.
   Rampage:   It bestows one free step when moving towards enemies.
   Stlth+:    It makes you more stealthy.
 s - the +0 fire dragon scales of Summertime (worn) {rF++ rC- rN+ MP+9 Str+3}
   (You took it off a minotaur in a Gauntlet)

   Str+3:     It affects your strength (+3).
   rF++:      It greatly protects you from fire.
   rC-:       It makes you vulnerable to cold.
   rN+:       It protects you from negative energy.
   MP+9:      It affects your magic capacity (+9).
 x - a +0 pair of boots (worn)
 Q - a +2 buckler (worn)
 S - the +3 ring mail of the Iron Devil {Dex+6}
   (You found it on level 9 of the Dungeon)

   Dex+6:     It affects your dexterity (+6).
Jewellery
 a - the amulet "Yxealy" (around neck) {rElec rPois rF+ Regen+ Str+3}
   (You acquired it on level 7 of the Dungeon)

   [amulet of regeneration]

   Str+3:     It affects your strength (+3).
   rF+:       It protects you from fire.
   rElec:     It insulates you from electricity.
   rPois:     It protects you from poison Regen+: It increases your rate of
   health regeneration.
 d - the ring of Yhieniext (left hand) {rF+ Will+ Int+2 Dex-2}
   (You acquired it on level 5 of the Lair of Beasts)

   [ring of protection from fire]

   Int+2:     It affects your intelligence (+2).
   Dex-2:     It affects your dexterity (-2).
   rF+:       It protects you from fire.
   Will+:     It increases your willpower.
 n - the ring "Takkie" {Wiz rN+ Will++ Slay-5}
   (You took it off a minotaur in a Gauntlet)

   [ring of wizardry]

   Wiz:       It improves your spell success rate.
   Slay-5:    It affects your accuracy & damage with ranged weapons and melee
   (-5).
   rN+:       It protects you from negative energy.
   Will++:    It greatly increases your willpower.
 t - a ring of see invisible
 v - a ring of poison resistance
 K - a +6 ring of intelligence
 U - the ring of Oqoelun (right hand) {Wiz Str+5}
   (You took it off an efreet on level 8 of the Dungeon)

   [ring of wizardry]

   Wiz:       It improves your spell success rate.
   Str+5:     It affects your strength (+5).
Wands
 k - a wand of roots (35)
 C - a wand of paralysis (12)
 H - a wand of mindburst (6)
 O - a wand of quicksilver (6)
 R - a wand of digging (5)
Scrolls
 b - a scroll of brand weapon {unknown}
 f - 2 scrolls of silence
 j - a scroll of butterflies
 l - 6 scrolls of immolation
 y - 3 scrolls of enchant armour
 D - a scroll of enchant weapon {unknown}
 E - 3 scrolls of fog
 F - 9 scrolls of vulnerability {unknown}
 G - a scroll of torment {unknown}
 J - 4 scrolls of fear
 L - 8 scrolls of blinking
 M - 7 scrolls of teleportation
 T - 6 scrolls of revelation
 W - 2 scrolls of poison
 Y - 5 scrolls of amnesia
 Z - a scroll of noise {unknown}
Potions
 c - a potion of magic
 g - 2 potions of resistance
 i - 7 potions of mutation
 p - 4 potions of heal wounds
 q - 4 potions of might
 r - 4 potions of haste
 u - 3 potions of cancellation
 z - 6 potions of curing {unknown}
 B - 3 potions of attraction
 N - 4 potions of brilliance
 X - 2 potions of ambrosia
Miscellaneous
 e - a phial of floods
 V - a phantom mirror


   Skills:
 + Level 11.6 Fighting
 + Level 10.7 Short Blades
 + Level 10.7 Long Blades
 + Level 10.7 Axes
 + Level 12.4 Maces & Flails
 + Level 10.7 Polearms
 + Level 10.7 Staves
 + Level 10.7 Ranged Weapons
 + Level 10.7 Throwing
 + Level 10.7 Armour
 + Level 11.6 Dodging
 + Level 10.7 Stealth
 + Level 10.7 Shields
 + Level 10.7 Unarmed Combat
 + Level 11.8 Spellcasting
 + Level 10.5 Conjurations
 + Level 9.0 Hexes
 + Level 9.0 Summonings
 + Level 9.0 Necromancy
 + Level 9.0 Translocations
 + Level 9.0 Fire Magic
 + Level 9.0 Ice Magic
 + Level 9.0 Air Magic
 + Level 9.0 Earth Magic
 + Level 9.0 Alchemy
 + Level 11.6 Invocations
 + Level 10.7 Evocations
 + Level 9.8 Shapeshifting


You had 16 spell levels left.
You knew the following spells:

 Your Spells              Type           Power      Damage    Failure   Level
a - Kiss of Death         Conj/Necr      88%        2d12      1%          1
b - Mephitic Cloud        Conj/Alch/Air  22%        N/A       1%          3
c - Vampiric Draining     Necr           21%        2d7       1%          3
d - Cause Fear            Hex            10%        N/A       2%          4
e - Freezing Cloud        Conj/Ice/Air   11%        6-21      6%          5
f - Summon Forest         Summ/Tloc      10%        N/A       7%          5

Your spell library contained the following spells:

 Spells                   Type           Power      Damage    Failure   Level
 Sandblast                Erth           42%        2d11      1%          1
 Shock                    Conj/Air       88%        1d8       1%          1
 Slow                     Hex            84%        N/A       1%          1
 Summon Small Mammal      Summ           84%        N/A       1%          1
 Mercury Vapours          Alch/Air       42%        N/A       1%          2
 Momentum Strike          Conj/Tloc      44%        3d9       1%          2
 Call Canine Familiar     Summ           21%        N/A       1%          3
 Confusing Touch          Hex            21%        N/A       1%          3
 Gell's Gravitas          Tloc           21%        N/A       1%          3
 Hailstorm                Conj/Ice       22%        3d7       1%          3
 Inner Flame              Hex/Fire       21%        N/A       1%          3
 Passwall                 Erth           21%        N/A       1%          3
 Sigil of Binding         Hex            21%        N/A       1%          3
 Stone Arrow              Conj/Erth      44%        3d9       1%          3
 Swiftness                Air            21%        N/A       1%          3
 Tukima's Dance           Hex            21%        N/A       1%          3
 Brom's Barrelling Bould  Conj/Erth      22%        2d4       1%          4
 Flame Wave               Conj/Fire      22%        2d8       1%          4
 Iskenderun's Mystic Bla  Conj/Tloc      22%        2d6       1%          4
 Airstrike                Air            10%        2d(2-18)  2%          4
 Anguish                  Hex/Necr       10%        N/A       2%          4
 Dimensional Bullseye     Hex/Tloc       10%        N/A       2%          4
 Sticky Flame             Fire/Alch      21%        2d6       2%          4
 Summon Blazeheart Golem  Fire/Summ      21%        N/A       2%          4
 Fireball                 Conj/Fire      11%        3d7       5%          5
 Summon Mana Viper        Hex/Summ       21%        N/A       7%          5
 Summon Cactus Giant      Summ           10%        N/A       34%         6
 Enfeeble                 Hex            10%        N/A       88%         7
 Dragon's Call            Summ           10%        N/A       100%        9


Dungeon Overview and Level Annotations

Branches:
Dungeon (12/15)            Temple (0/1) D:4            Lair (5/5) D:10
  Swamp (0/4) Lair:2        Snake (0/4) Lair:2        Slime (1/5) Lair:4
  IceCv (visited)         Gauntlet (visited)
    Orc: D:9-12

Altars:
Dithmenos
Gozag
Okawaru
Ru
Trog
Uskayaw
Xom
Zin
Jiyva

Shops:
D:3 (*   D:5 *   D:6 (


Innate Abilities, Weirdness & Mutations

You have extremely sharp teeth.
Your uncanny sense of smell can sniff out nearby items.
Your experience applies equally to all skills.
You have a pair of small horns on your head.
Your flesh is cold resistant. (rC+)
Your body sometimes deteriorates upon taking damage.
You are dopey. (Int -2)
You passively map a small area around you.
Your muscles are strong. (Str +4, Int/Dex -1)
You have hidden genetic potential.


Message History

The very large slime creature hits you!
You slice the very large slime creature!!
Your headbutt misses the very large slime creature.
The very large slime creature is moderately wounded.
The very large slime creature completely misses you.
You barely miss the very large slime creature.
The very large slime creature is moderately wounded.
The very large slime creature hits you but does no damage.
You slice the very large slime creature!!
You headbutt the very large slime creature.
The very large slime creature is heavily wounded.
You hit the very large slime creature.
The very large slime creature is heavily wounded.
You block the very large slime creature's attack.
You slash the very large slime creature!
The very large slime creature is heavily wounded.
The very large slime creature barely misses you.
You slash the very large slime creature!
You headbutt the very large slime creature.
The very large slime creature is severely wounded.
You slice the very large slime creature!!
You bite the very large slime creature, but do no damage.
The very large slime creature is severely wounded.
The very large slime creature hits you!!!
You slash the very large slime creature!
The very large slime creature is almost dead.
The very large slime creature hits you!!!
* * * LOW HITPOINT WARNING * * *
Unknown command.
Casting: Freezing Cloud (dangerous; 6% risk of failure)
Confirm with . or Enter, or press ? or * to list all spells.
Okay, then.
Aiming: Quicksilver Bolt
Press: ? - help, Shift-Dir - straight line, f - very large slime creature
Aim: a very large slime creature (almost dead, 95% to hit)
The bolt of dispelling energy hits the very large slime creature!!
The very large slime creature is almost dead.
The very large slime creature hits you!!!
You die...
Xom roars with laughter!

#....#..#.#
*.......#.#####
##..#........#
.>.####.###.#
#, #.# #.# #.#
#.# * * #.# #.#
###.#####.###.#
#....J@..#.##.#
#.#.#####.###.#
,, #......# **
#.###### #.# *
#.# #.# , #..
*#.# *


You could see a very large slime creature.

Vanquished Creatures
  A sphinx (Lair:5)
  A minotaur (Gauntlet)
  Harold (Lair:2)
  4 hydras
  A centaur warrior (D:9)
  A ghost crab (Lair:2)
  An ice dragon (Lair:5)
  3 boulder beetles
  2 two-headed ogres
  2 hell hogs
  8 death yaks
  Urug (Lair:3)
  A skyshark (Lair:5)
  Amaemon (Lair:2)
  A swamp dragon (Lair:5)
  A necromancer (Lair:2)
  A lindwurm (Lair:4)
  Pikel (D:4)
  An ugly thing (D:8)
  2 manticores
  3 meliai (Lair:4)
  3 cyclopes
  8 elephants (Lair:4)
  3 black mambas
  3 slime creatures
  A torpor snail (Lair:5)
  3 ice statues
  4 gargoyles
  An orange demon (Lair:1)
  8 cane toads
  Jeremiah (D:8)
  An efreet (D:8)
  The ghost of yey the Covert, a novice OpFi (D:5)
  A freezing wraith (IceCv)
  7 rime drakes
  10 komodo dragons
  3 trolls
  17 polar bears
  A queen bee (Lair:4)
  A wandering mushroom (Lair:5)
  A hornet (D:9)
  32 blink frogs
  Prince Ribbit (D:6)
  4 raiju (Lair:5)
  4 dream sheep
  A spectral elephant (Lair:2)
  A spectral black mamba (Lair:2)
  4 shadows
  A dire elephant simulacrum (IceCv)
  Sigmund (D:4)
  7 wyverns
  4 centaur simulacra (D:11)
  A vampire (D:10)
  2 wraiths
  A water elemental (D:11)
  3 fire bats (Gauntlet)
  A spectral komodo dragon (Lair:2)
  42 yaks
  4 wargs (Lair:5)
  Grum (D:8)
  10 basilisks
  A vampire mosquito (D:10)
  Edmund (D:3)
  4 nagas (Lair:2)
  A spectral cane toad (Lair:2)
  16 water moccasins
  9 acid dragons
  2 swamp worms (Gauntlet)
  15 hell hounds
  7 ice beasts
  8 orc warriors
  4 sky beasts
  A spectral polar bear (Lair:2)
  13 black bears
  46 wolves
  4 ogres
  A boggart (Lair:3)
  14 centaurs
  3 kobold brigands
  10 bullfrogs
  2 gnoll sergeants (D:11)
  2 scorpions
  2 cane toad simulacra (IceCv)
  9 wights
  40 killer bees
  3 electric eels
  4 howler monkeys
  3 hounds
  A bombardier beetle (D:3)
  A jelly (D:5)
  9 orc priests
  A gnoll bouda (D:8)
  14 iguanas
  19 orc wizards
  2 yak simulacra (Lair:2)
  7 polar bear simulacra
  2 wolf simulacra (Lair:2)
  Robin (D:4)
  16 gnolls
  4 adders
  2 shadow imps
  7 white imps
  3 ufetubi
  A dart slug (D:1)
  A ribbon worm (D:2)
  44 orcs
  4 bats
  7 endoplasms
  5 giant cockroaches
  A goblin (shapeshifter) (D:3)
  20 goblins
  9 hobgoblins
  14 jackals
  6 quokkas
  6 ball pythons
  25 frilled lizards
  13 kobolds
  6 rats
  A river rat simulacrum (Lair:2)
718 creatures vanquished.

Vanquished Creatures (collateral kills)
  A centaur warrior (D:8)
  An ugly thing (IceCv)
  2 yaks (D:10)
  Menkaure (D:4)
  A hell hound (Lair:5)
  An orc warrior (D:10)
  2 wolves
  A bullfrog (D:7)
  A gnoll sergeant (D:7)
  A killer bee (D:10)
  A howler monkey (D:10)
  A bombardier beetle (D:10)
  An orc wizard (D:7)
  A gnoll (D:8)
  3 orcs
19 creatures vanquished.

Vanquished Creatures (others)
  A dancing weapon (D:8)
  A komodo dragon (Lair:1)
  A yak (Lair:2)
  Blork the orc (D:6)
  An iguana (Lair:1)
  2 orc wizards
  A frilled lizard (Lair:1)
8 creatures vanquished.

Grand Total: 745 creatures vanquished

Notes
Turn   | Place    | Note
-------+----------+-------------------------------------------
     0 | D:1      | monsoonserge the Gnoll Reaver began the quest for the Orb.
     0 | D:1      | Reached XP level 1. HP: 20/20 MP: 6/6
   111 | D:1      | Reached XP level 2. HP: 25/26 MP: 7/7
   240 | D:1      | Found a faded altar of an unknown god.
   254 | D:1      | Prayed at the altar of an unknown god.
   254 | D:1      | Became a worshipper of Xom of Chaos
   394 | D:1      | XOM: potion effect (attraction)
   411 | D:1      | XOM: smoke on damage
   450 | D:1      | Reached skill level 5 in Spellcasting
   450 | D:1      | Reached XP level 3. HP: 31/31 MP: 7/9
   524 | D:1      | XOM: divination: magic mapping
   706 | D:1      | XOM: silly message
   824 | D:1      | Reached skill level 1 in Invocations
   882 | D:2      | XOM: silly message
   931 | D:2      | Reached skill level 1 in Short Blades
   931 | D:2      | Reached skill level 1 in Long Blades
   931 | D:2      | Reached skill level 1 in Axes
   931 | D:2      | Reached skill level 1 in Polearms
   931 | D:2      | Reached skill level 1 in Staves
   931 | D:2      | Reached skill level 1 in Ranged Weapons
   931 | D:2      | Reached skill level 1 in Throwing
   931 | D:2      | Reached skill level 1 in Armour
   931 | D:2      | Reached skill level 1 in Stealth
   931 | D:2      | Reached skill level 1 in Shields
   931 | D:2      | Reached skill level 1 in Unarmed Combat
   931 | D:2      | Reached skill level 1 in Evocations
  1289 | D:2      | Reached skill level 1 in Shapeshifting
  1289 | D:2      | Reached XP level 4. HP: 36/38 MP: 11/11
  1298 | D:2      | XOM: divination: detect creatures
  1374 | D:2      | XOM: silly message
  1408 | D:3      | XOM: 1-stop teleportation journey
  1420 | D:3      | Reached skill level 1 in Hexes
  1420 | D:3      | Reached skill level 1 in Summonings
  1420 | D:3      | Reached skill level 1 in Necromancy
  1420 | D:3      | Reached skill level 1 in Translocations
  1420 | D:3      | Reached skill level 1 in Fire Magic
  1420 | D:3      | Reached skill level 1 in Ice Magic
  1420 | D:3      | Reached skill level 1 in Air Magic
  1420 | D:3      | Reached skill level 1 in Earth Magic
  1420 | D:3      | Reached skill level 1 in Alchemy
  1548 | D:3      | Noticed an ogre
  1556 | D:3      | Killed an ogre
  1557 | D:3      | Reached XP level 5. HP: 33/43 MP: 12/12
  1596 | D:3      | Found Erimotua's Assorted Antiques.
  1599 | D:3      | XOM: enchant monster (bad)
  1617 | D:3      | a jackal changed into a shapeshifter
  1617 | D:3      | Noticed a shapeshifter (shapeshifter)
  1617 | D:3      | XOM: polymorph jackal -> shapeshifter
  1617 | D:3      | a shapeshifter changed into an orc
  1722 | D:3      | XOM: scenery: summon butterflies
  1742 | D:3      | Found Caakekhleutz's Antique Weapon Shop.
  2031 | D:3      | XOM: cloud trail
  2228 | D:4      | Noticed Sigmund
  2273 | D:4      | Noticed an ogre
  2289 | D:3      | Reached XP level 6. HP: 47/50 MP: 13/13
  2316 | D:4      | Noticed Menkaure
  2336 | D:3      | XOM: torment (17/50 hp)
  2507 | D:4      | Noticed Edmund
  2512 | D:4      | XOM: divination: detect items
  2557 | D:3      | XOM: butterfly on damage
  2566 | D:3      | XOM: butterfly on damage
  2568 | D:3      | Killed Edmund
  2569 | D:3      | Reached skill level 5 in Fighting
  2569 | D:3      | Reached skill level 5 in Dodging
  2748 | D:4      | XOM: silly message
  2915 | D:4      | Reached skill level 7 in Maces & Flails
  2915 | D:4      | Reached XP level 7. HP: 30/51 MP: 15/15
  3026 | D:4      | Noticed Pikel
  3043 | D:4      | Killed Pikel
  3044 | D:4      | Reached XP level 8. HP: 30/63 MP: 14/16
  3121 | D:4      | XOM: noise
  3139 | D:4      | Found a staircase to the Ecumenical Temple.
  3238 | D:3      | Bought a bloodstained broad axe for 180 gold pieces
  3238 | D:3      | Identified the +8 broad axe of Prudence {speed, rC+ MP+9
                  | Int-4 Dex+3} (You bought it in a shop on level 3 of the
                  | Dungeon)
  3244 | D:3      | Bought a scroll labelled CORICI ETZAOTHA for 20 gold pieces
  3302 | D:4      | XOM: enchant monster (bad)
  3376 | D:4      | XOM: summons 5 friendly demons
  3377 | D:4      | Killed Menkaure
  3441 | D:4      | XOM: cleaving
  3443 | D:4      | Killed Sigmund
  3575 | D:4      | XOM: give mutation
  3575 | D:4      | Gained mutation: You possess an exceptional clarity of
                  | mind. [Xom's grace]
  3592 | D:4      | Noticed Robin
  3600 | D:4      | Killed Robin
  3724 | D:5      | Entered Level 5 of the Dungeon
  3781 | D:5      | XOM: give mutation
  3781 | D:5      | Gained mutation: Your skin changes colour to match your
                  | surroundings (Stealth+). [Xom's grace]
  3847 | D:5      | Found a hide-covered altar of Uskayaw.
  3847 | D:5      | Found a glowing silver altar of Zin.
  3889 | D:5      | XOM: 7-stop teleportation journey
  3921 | D:5      | Found Gozag's Platinum Reserve.
  4001 | D:5      | Found an iron altar of Okawaru.
  4207 | D:5      | XOM: give mutation
  4207 | D:5      | Gained mutation: You have a pair of small antennae on your
                  | head. [Xom's grace]
  4244 | D:5      | Reached XP level 9. HP: 57/69 MP: 18/18
  4484 | D:5      | Found an opulent altar of Gozag.
  4580 | D:3      | Bought a bubbling yellow potion for 18 gold pieces
  4580 | D:3      | Bought a puce potion for 18 gold pieces
  4580 | D:3      | Bought a puce potion for 18 gold pieces
  4672 | D:5      | Found a runed translucent door.
  4672 | D:5      | Noticed yey's ghost (novice OpFi)
  4847 | D:6      | Noticed Blork the orc
  4852 | D:6      | Killed Blork the orc
  4852 | D:6      | XOM: divine lightning
  4870 | D:6      | XOM: god gift: 3 silver javelins
  4984 | D:6      | XOM: god gift: staff of conjuration
  5001 | D:6      | XOM: cleaving
  5007 | D:6      | XOM: confuse monster(s)
  5011 | D:6      | Reached skill level 8 in Maces & Flails
  5172 | D:6      | XOM: summons friendly shadow imp
  5174 | D:6      | Reached skill level 5 in Invocations
  5339 | D:6      | XOM: noise
  5404 | D:6      | Found Adecuv's Antique Weapon Boutique.
  5420 | D:6      | XOM is BORED!
  5420 | D:6      | XOM: give mutations
  5420 | D:6      | Lost mutation: You possess an exceptional clarity of mind.
                  | [Xom's mischief]
  5420 | D:6      | Lost mutation: Your skin changes colour to match your
                  | surroundings (Stealth+). [Xom's mischief]
  5455 | D:6      | Noticed Prince Ribbit
  5473 | D:6      | Killed Prince Ribbit
  5801 | D:7      | Noticed a gargoyle
  6004 | D:6      | XOM is BORED!
  6004 | D:6      | XOM: swap monsters
  6010 | D:6      | Killed a gargoyle
  6090 | D:6      | XOM: god gift: 25 gold pieces
  6100 | D:7      | XOM: divination: detect items
  6117 | D:7      | Lost mutation: You have a pair of small antennae on your
                  | head. [potion of mutation]
  6117 | D:7      | Gained mutation: You have hidden genetic defects. [potion
                  | of mutation]
  6117 | D:7      | Gained mutation: You have a pair of small horns on your
                  | head. [potion of mutation]
  6119 | D:7      | Reached skill level 5 in Short Blades
  6119 | D:7      | Reached skill level 5 in Long Blades
  6119 | D:7      | Reached skill level 5 in Axes
  6119 | D:7      | Reached skill level 5 in Polearms
  6119 | D:7      | Reached skill level 5 in Staves
  6119 | D:7      | Reached skill level 5 in Ranged Weapons
  6119 | D:7      | Reached skill level 5 in Throwing
  6119 | D:7      | Reached skill level 5 in Armour
  6119 | D:7      | Reached skill level 5 in Stealth
  6119 | D:7      | Reached skill level 5 in Shields
  6119 | D:7      | Reached skill level 5 in Unarmed Combat
  6119 | D:7      | Reached skill level 5 in Evocations
  6119 | D:7      | Reached XP level 10. HP: 23/77 MP: 20/20
  6346 | D:6      | Lost mutation: You have hidden genetic defects. [potion of
                  | mutation]
  6346 | D:6      | Lost mutation: You have a pair of small horns on your head.
                  | [potion of mutation]
  6346 | D:6      | Gained mutation: Your flesh is cold resistant. (rC+)
                  | [potion of mutation]
  6413 | D:7      | XOM: 3-stop teleportation journey
  6887 | D:8      | XOM: silly message
  6983 | D:8      | XOM: noise
  6984 | D:8      | XOM: summons friendly shadow imp
  6987 | D:8      | Noticed a centaur warrior
  6991 | D:8      | XOM: potion effect (invisibility)
  7006 | D:8      | Killed a centaur warrior
  7007 | D:8      | Reached skill level 5 in Shapeshifting
  7044 | D:8      | Identified 2 scrolls of acquirement
  7116 | D:7      | Acquired the +2 ring mail of Biushrikiu {Rampage rF+ Str+2
                  | Stlth+}
  7130 | D:7      | Acquired the amulet "Yxealy" {rElec rPois rF+ Regen+ Str+3}
  7146 | D:8      | Found a shadowy altar of Dithmenos.
  7200 | D:8      | Noticed a gargoyle
  7225 | D:8      | XOM: cast spell 'Leda's Liquefaction'
  7227 | D:8      | Killed a gargoyle
  7346 | D:8      | Noticed a four-headed hydra
  7368 | D:8      | Noticed Jeremiah
  7368 | D:8      | XOM: 1-stop teleportation journey
  7373 | D:8      | XOM: enchant monster (good)
  7376 | D:8      | XOM: confuse monster(s)
  7382 | D:8      | Killed Jeremiah
  7383 | D:8      | Reached skill level 9 in Maces & Flails
  7389 | D:8      | Reached skill level 5 in Hexes
  7389 | D:8      | Reached skill level 5 in Summonings
  7389 | D:8      | Reached skill level 5 in Necromancy
  7389 | D:8      | Reached skill level 5 in Translocations
  7389 | D:8      | Reached skill level 5 in Fire Magic
  7389 | D:8      | Reached skill level 5 in Ice Magic
  7389 | D:8      | Reached skill level 5 in Air Magic
  7389 | D:8      | Reached skill level 5 in Earth Magic
  7389 | D:8      | Reached skill level 5 in Alchemy
  7392 | D:8      | Reached XP level 11. HP: 68/85 MP: 22/22
  7392 | D:8      | Found a sacrificial altar of Ru.
  7433 | D:8      | Identified the staff of Grontol {rElec Stlth+ Air}
  7433 | D:8      | Noticed a white ugly thing
  7445 | D:8      | Noticed a boulder beetle
  7446 | D:8      | Killed a white ugly thing
  7458 | D:8      | Killed a boulder beetle
  7533 | D:8      | Learned a level 3 spell: Mephitic Cloud
  7722 | D:8      | XOM: scenery: create altars
  7811 | D:8      | Noticed Grum
  7813 | D:8      | XOM: cast spell 'Animate Armour'
  7822 | D:8      | Killed Grum
  7836 | D:8      | Noticed a cyclops
  7842 | D:8      | XOM: scenery: summon butterflies
  7844 | D:8      | Identified the ring of Oqoelun {Wiz Str+5}
  7846 | D:8      | Killed a cyclops
  8193 | D:8      | XOM: scenery: summon butterflies
  8230 | D:9      | XOM: butterfly on damage
  8385 | D:9      | Noticed a centaur warrior
  8389 | D:9      | XOM: swap monsters
  8396 | D:9      | Killed a centaur warrior
  8424 | D:9      | Learned a level 3 spell: Vampiric Draining
  8431 | D:9      | XOM: summons friendly quasit
  8637 | D:9      | XOM: polymorph gnoll bouda -> frilled lizard
  8792 | D:9      | Found a bloodstained altar of Trog.
  9005 | D:9      | XOM: give mutations
  9005 | D:9      | Gained mutation: You passively map a small area around you.
                  | [Xom's mischief]
  9005 | D:9      | Gained mutation: You expend magic power (3 MP) to
                  | strengthen your wands. [Xom's mischief]
  9177 | D:9      | Identified the +3 ring mail of the Iron Devil {Dex+6}
  9442 | D:10     | Entered Level 10 of the Dungeon
  9451 | D:10     | XOM: 1-stop teleportation journey
  9608 | D:10     | Noticed a two-headed ogre
  9620 | D:10     | XOM: polymorph killer bee -> bombardier beetle
  9621 | D:10     | Reached XP level 12. HP: 54/94 MP: 24/24
  9629 | D:10     | Killed a two-headed ogre
  9631 | D:10     | XOM: cast spell 'Discord'
  9815 | D:10     | XOM: god gift: viscous ruby potion {god gift}
  9827 | D:10     | Found a staircase to the Lair.
  9938 | D:10     | Noticed a rakshasa
 10025 | D:10     | XOM: scenery: summon butterflies
 10172 | D:10     | Reached skill level 10 in Maces & Flails
 10383 | D:10     | XOM: 4-stop teleportation journey
 10692 | D:8      | XOM: draining
 10824 | D:8      | XOM: cloud trail
 11049 | D:5      | Killed yey's ghost
 11173 | D:9      | XOM: silly message
 11284 | D:11     | Found a frozen archway.
 11305 | IceCv    | Entered an ice cave
 11308 | IceCv    | XOM: summons 3 friendly demons
 11312 | IceCv    | Found a transporter.
 11363 | IceCv    | Found a transporter.
 11382 | IceCv    | XOM: summons friendly neqoxec
 11452 | IceCv    | XOM: polymorph ice beast -> gnoll
 11489 | IceCv    | XOM: 1-stop teleportation journey
 11598 | IceCv    | XOM: cast spell 'Olgreb's Toxic Radiance'
 11612 | IceCv    | XOM: give mutations
 11612 | IceCv    | Gained mutation: You are robust. (+10% HP) [Xom's grace]
 11612 | IceCv    | Gained mutation: Your muscles are strong. (Str +4, Int/Dex
                  | -1) [Xom's grace]
 11732 | D:11     | Noticed a two-headed ogre
 11743 | D:11     | XOM: butterfly on damage
 11744 | D:11     | Killed a two-headed ogre
 11839 | D:11     | XOM: fake destruction
 11903 | D:11     | XOM: god gift: 53 gold pieces
 11945 | D:11     | XOM: 1-stop teleportation journey
 12199 | D:11     | XOM: fog
 12302 | Lair:1   | Entered Level 1 of the Lair of Beasts
 12314 | Lair:1   | Reached XP level 13. HP: 45/111 MP: 26/26
 12616 | Lair:1   | XOM: polymorph komodo dragon -> sky beast
 12684 | Lair:1   | XOM: god gift: staff of alchemy
 12787 | Lair:2   | Noticed Harold
 12796 | Lair:2   | XOM: scenery: 2 doors open
 12802 | Lair:2   | Killed Harold
 12809 | Lair:2   | XOM: scenery: 2 doors close
 12832 | Lair:2   | XOM: enchant monster (bad)
 12980 | Lair:2   | XOM: summons friendly shadow imp
 12981 | Lair:2   | XOM: blink monster(s)
 13040 | Lair:2   | XOM: summons friendly shadow imp
 13070 | Lair:2   | Found a staircase to the Swamp.
 13076 | Lair:2   | XOM: divination: detect creatures
 13186 | Lair:2   | Identified the +2 rapier of Bodily Humours {flame, *Noise
                  | rCorr Str+6 Stlth+}
 13186 | Lair:2   | Noticed Amaemon
 13204 | Lair:1   | Reached skill level 10 in Spellcasting
 13477 | Lair:1   | XOM: cast spell 'Summon Small Mammal'
 13515 | Lair:1   | XOM: divine lightning
 13568 | Lair:1   | XOM: 2-stop teleportation journey
 13682 | Lair:2   | Killed Amaemon
 13693 | Lair:1   | Learned a level 4 spell: Cause Fear
 13779 | Lair:2   | Acquired 834 gold pieces
 13784 | Lair:2   | Found a staircase to the Snake Pit.
 13889 | Lair:1   | XOM: 8-stop teleportation journey
 13922 | Lair:1   | XOM: god gift: wand of roots (4)
 13948 | Lair:1   | Reached skill level 10 in Fighting
 13948 | Lair:1   | Reached skill level 11 in Maces & Flails
 13948 | Lair:1   | Reached skill level 10 in Dodging
 14146 | Lair:1   | XOM: cloud trail
 14633 | Lair:3   | XOM: summons 9 friendly demons
 14646 | Lair:3   | XOM: enchant monster (good)
 14657 | Lair:3   | Reached skill level 10 in Invocations
 14657 | Lair:3   | Reached XP level 14. HP: 67/121 MP: 28/28
 14659 | Lair:3   | XOM: potion effect (brilliance)
 14660 | Lair:3   | XOM: fog
 14810 | Lair:3   | Noticed Urug
 14821 | Lair:3   | Killed Urug
 15026 | Lair:3   | XOM: 4-stop teleportation journey
 15027 | Lair:3   | XOM: smoke on damage
 15085 | Lair:3   | XOM: cloud trail
 15534 | Lair:3   | XOM: polymorph yak -> boggart
 15726 | Lair:4   | Found a staircase to the Slime Pits.
 15728 | Lair:4   | Found a viscous altar of Jiyva.
 15729 | Lair:4   | XOM: summons friendly white imp
 15756 | Lair:4   | Found a gate leading to a gauntlet.
 15802 | Lair:4   | Learned a level 5 spell: Freezing Cloud
 15805 | Gauntlet | Entered a Gauntlet
 15805 | Gauntlet | Found a transporter.
 15805 | Gauntlet | Found a transporter.
 15831 | Gauntlet | Found a transporter.
 15834 | Gauntlet | Found a transporter.
 15835 | Gauntlet | Found a transporter.
 15835 | Gauntlet | Found a transporter.
 15870 | Gauntlet | Found a transporter.
 15870 | Gauntlet | Found a transporter.
 15875 | Gauntlet | Found a runed translucent door.
 15937 | Gauntlet | Found a transporter.
 15941 | Gauntlet | Found a transporter.
 15957 | Gauntlet | Found a transporter.
 15968 | Gauntlet | Found a transporter.
 16132 | Gauntlet | XOM: polymorph swamp worm -> manticore
 16206 | Gauntlet | Identified the +2 cloak of Youthful Indiscretion {Str+2}
 16231 | Gauntlet | Identified the +0 fire dragon scales of Summertime {rF++
                  | rC- rN+ MP+9 Str+3}
 16231 | Gauntlet | Identified the ring "Takkie" {Wiz rN+ Will++ Slay-5}
 16242 | Gauntlet | XOM: summons 1 hostile demon
 16261 | Gauntlet | Got the Monograph on Distance
 16460 | Lair:4   | XOM: noise
 16536 | Lair:4   | XOM: smoke on damage
 16844 | Lair:4   | Identified the +0 plate armour of Untruth {rPois}
 16921 | Lair:4   | Learned a level 5 spell: Summon Forest
 16930 | Lair:4   | XOM: stat loss: -1 Str (32/33)
 17036 | Lair:4   | XOM: give mutations
 17036 | Lair:4   | Gained mutation: You are dopey. (Int -2) [Xom's mischief]
 17036 | Lair:4   | Lost mutation: You expend magic power (3 MP) to strengthen
                  | your wands. [Xom's mischief]
 17036 | Lair:4   | Lost mutation: You are robust. (+10% HP) [Xom's mischief]
 17056 | Lair:4   | XOM: confusion
 17066 | Lair:4   | XOM: give mutations
 17066 | Lair:4   | Gained mutation: Your body sometimes deteriorates upon
                  | taking damage. [Xom's mischief]
 17066 | Lair:4   | Gained mutation: You have a pair of small horns on your
                  | head. [Xom's mischief]
 17093 | Lair:4   | Reached skill level 10 in Conjurations
 17279 | Lair:4   | XOM: enchant monster (bad)
 17287 | Lair:4   | Reached skill level 10 in Short Blades
 17287 | Lair:4   | Reached skill level 10 in Long Blades
 17287 | Lair:4   | Reached skill level 10 in Axes
 17287 | Lair:4   | Reached skill level 10 in Polearms
 17287 | Lair:4   | Reached skill level 10 in Staves
 17287 | Lair:4   | Reached skill level 10 in Ranged Weapons
 17287 | Lair:4   | Reached skill level 10 in Throwing
 17287 | Lair:4   | Reached skill level 10 in Armour
 17287 | Lair:4   | Reached skill level 10 in Stealth
 17287 | Lair:4   | Reached skill level 10 in Shields
 17287 | Lair:4   | Reached skill level 10 in Unarmed Combat
 17287 | Lair:4   | Reached skill level 10 in Evocations
 17341 | Lair:4   | XOM: enchant monster (bad)
 17385 | Lair:4   | XOM: chaos cloud
 17418 | Lair:4   | XOM: cast spell 'Chain of Chaos'
 17423 | Lair:4   | Reached XP level 15. HP: 118/118 MP: 30/30
 17477 | Lair:4   | XOM: give mutations
 17477 | Lair:4   | Gained mutation: You have hidden genetic potential. [Xom's
                  | mischief]
 17477 | Lair:4   | Gained mutation: You have extremely sharp teeth. [Xom's
                  | mischief]
 17477 | Lair:4   | Gained mutation: You occasionally lose the ability to drink
                  | potions when taking damage. [Xom's mischief]
 17528 | Lair:4   | XOM: torment (66/118 hp)
 17548 | Lair:4   | XOM: silly message
 17649 | Lair:4   | Reached skill level 12 in Maces & Flails
 17800 | Slime:1  | Entered Level 1 of the Pits of Slime
 17812 | Lair:5   | Entered Level 5 of the Lair of Beasts
 17880 | Lair:5   | XOM: divination: detect creatures
 17978 | Lair:5   | XOM: cast spell 'Monstrous Menagerie'
 18041 | Lair:5   | Identified the +0 plate armour "Anugrown" {-Tele Will+
                  | Int+8 Dex+2}
 18051 | Lair:5   | XOM: summons friendly quasit
 18134 | Lair:5   | XOM: divination: detect creatures
 18164 | Lair:5   | XOM: 1-stop teleportation journey
 18174 | Lair:5   | XOM: enchant monster (bad)
 18267 | Lair:5   | a catoblepas changed into a sphinx
 18267 | Lair:5   | Noticed a sphinx
 18267 | Lair:5   | XOM: polymorph catoblepas -> sphinx
 18271 | Lair:5   | Killed a sphinx
 18422 | Lair:5   | XOM: silly message
 18558 | Lair:5   | XOM: fog
 18582 | Lair:5   | XOM: noise
 18985 | Lair:5   | XOM: give mutation
 18985 | Lair:5   | Lost mutation: You occasionally lose the ability to drink
                  | potions when taking damage. [Xom's mischief]
 19006 | Lair:5   | XOM: polymorph oklob plant -> wandering mushroom
 19208 | Lair:5   | XOM: smoke on damage
 19208 | Lair:5   | XOM: smoke on damage
 19288 | Lair:5   | XOM: noise
 19321 | Lair:5   | Acquired 484 gold pieces
 19323 | Lair:5   | Acquired the ring of Yhieniext {rF+ Will+ Int+2 Dex-2}
 19716 | D:12     | XOM: repel stairs
 19718 | D:12     | XOM: swap monsters
 19798 | D:12     | Demolished by a very large slime creature

Illustrated notes

Levels and vault maps discovered:
D:1:      minmay_arrival_five_plusses, layout_basic,
          chequers_ecumenical_altar_simple_redux
D:2:      layout_rooms
D:3:      layout_basic, serial_shops, shop, shop, st_stairs_2
D:4:      kennysheep_goblin_castle, layout_cave_pools, temple_pool_b,
          feat_on_display, uniq_edmund, uniq_pikel, uniq_sigmund, uniq_menkaure
D:5:      layout_basic, nicolae_gozag_zags_fifth_avenue,
          nicolae_overflow_crystal_walls, grunt_temple_overflow_open,
          ebering_ghost_inner_flame
D:6:      layout_basic, serial_shops, nicolae_lakefront_shop,
          uniq_prince_ribbit1, uniq_blork_the_orc
D:7:      layout_rooms
D:8:      minmay_the_grid_octo_tiled_octocenter
          [minmay_the_grid_octo_vomiting_pacman, minmay_the_grid_octo_pinwheel,
          minmay_the_grid_octo_focus, minmay_the_grid_octo_fat_diamond,
          minmay_the_grid_octo_prize_ultimate_mussel_roller,
          minmay_the_grid_square_5x5_checkered,
          minmay_the_grid_square_5x5_misaligned,
          minmay_the_grid_square_5x5_minivault,
          minmay_the_grid_square_5x5_fat_x], layout_basic,
          kennysheep_little_box, uniq_jeremiah, uniq_grum
D:9:      layout_layer_cave, old_standard_altar
D:10:     wad_guarded_room, layout_long_grid, evilmike_minifort
D:11:     layout_rooms, serial_ice, serial_ice_a, serial_ice_i, serial_ice_n,
          serial_ice_h, serial_ice_f, serial_ice_g, serial_ice_e,
          portal_ice_cave_entry_pillars_1, nicolae_houndstooth_variations
D:12:     layout_loops_ring, david_orc_3, uniq_nessos
Lair:1:   lemuel_reptile_caves, layout_small_grid, st_stairs_4,
          cheibrodos_lair_lostbears
Lair:2:   layout_chaotic_city, nicolae_swamp_entry_spooky,
          minmay_snake_entry_guardpost_small, chequers_serial_rivers_room_b,
          eino_house_with_fridge, lemuel_fruit_fields, uniq_amaemon, uniq_harold
Lair:3:   layout_cave_pods, serial_bayou_shore_a, grunt_megastairs_1,
          lemuel_fruit_tree, uniq_urug
Lair:4:   regret_index_wax_grids, layout_concentric_octagons, slime_entry_1,
          gauntlet_entry_generic, grunt_forest_small_clearings,
          grunt_megastairs_3
Lair:5:   guppyfry_lair_end_dragon, layout_loops_ring,
          hangedman_lair_caniforms_friends
Slime:1:  layout_caves

Skill      XL: |  1  2  3  4  5  6  7  8  9 10 11 12 13 14 15 |
---------------+----------------------------------------------+-----
Spellcasting   | 5 6 7 8 9 10 11 | 11.8
Invocations    | 1 2 3 4 5 6 7 8 10 11 | 11.6
Short Blades   | 1 2 3 5 6 7 8 9 10 | 10.7
Long Blades    | 1 2 3 5 6 7 8 9 10 | 10.7
Axes           | 1 2 3 5 6 7 8 9 10 | 10.7
Polearms       | 1 2 3 5 6 7 8 9 10 | 10.7
Staves         | 1 2 3 5 6 7 8 9 10 | 10.7
Ranged Weapons | 1 2 3 5 6 7 8 9 10 | 10.7
Throwing       | 1 2 3 5 6 7 8 9 10 | 10.7
Armour         | 1 2 3 5 6 7 8 9 10 | 10.7
Stealth        | 1 2 3 5 6 7 8 9 10 | 10.7
Shields        | 1 2 3 5 6 7 8 9 10 | 10.7
Unarmed Combat | 1 2 3 5 6 7 8 9 10 | 10.7
Evocations     | 1 2 3 5 6 7 8 9 10 | 10.7
Shapeshifting  | 1 2 3 4 5 6 7 8 9 |  9.8
Hexes          | 1 2 3 4 5 6 7 8 9 |  9.0
Summonings     | 1 2 3 4 5 6 7 8 9 |  9.0
Necromancy     | 1 2 3 4 5 6 7 8 9 |  9.0
Translocations | 1 2 3 4 5 6 7 8 9 |  9.0
Fire Magic     | 1 2 3 4 5 6 7 8 9 |  9.0
Ice Magic      | 1 2 3 4 5 6 7 8 9 |  9.0
Air Magic      | 1 2 3 4 5 6 7 8 9 |  9.0
Earth Magic    | 1 2 3 4 5 6 7 8 9 |  9.0
Alchemy        | 1 2 3 4 5 6 7 8 9 |  9.0
Fighting       | 5 6 7 8 9 10 11 | 11.6
Dodging        | 5 6 7 8 9 10 11 | 11.6
Maces & Flails | 7 8 9 10 11 12 | 12.4
Conjurations   | 6 7 8 9 10 | 10.5

Action                     |  1- 3 |  4- 6 |  7- 9 | 10-12 | 13-15 || total
---------------------------+-------+-------+-------+-------+-------++-------
  Melee: Flail             |    22 |    13 |     9 |       |       ||    44
         Bite              |     6 |    12 |    24 |    86 |   146 ||   274
         Mace              |    87 |   107 |       |       |       ||   194
         Punch             |       |     2 |     4 |    13 |       ||    19
         Broad axe         |       |       |   184 |   630 |  1130 ||  1944
         Headbutt          |       |       |       |       |   112 ||   112
  Throw: Javelin           |       |       |     3 |     1 |       ||     4
         Dart              |       |       |       |     4 |     9 ||    13
         Boomerang         |       |       |       |     1 |    20 ||    21
   Cast: Kiss of Death     |       |     4 |     3 |       |       ||     7
         Mephitic Cloud    |       |       |       |     2 |     1 ||     3
         Vampiric Draining |       |       |       |     9 |     7 ||    16
         Cause Fear        |       |       |       |       |     3 ||     3
         Freezing Cloud    |       |       |       |       |     2 ||     2
         Summon Forest     |       |       |       |       |     1 ||     1
  Evoke: Wand              |       |       |       |     1 |     8 ||     9
    Use: Potion            |       |       |     3 |     1 |     2 ||     6
         Scroll            |       |       |       |    16 |    10 ||    26
   Stab: Sleeping          |       |       |     3 |     4 |    14 ||    21
         Confused          |       |       |     1 |     3 |     4 ||     8
         Distracted        |       |       |     1 |     1 |     4 ||     6
         Invisible         |       |       |       |     1 |       ||     1
         Paralysed         |       |       |       |       |     2 ||     2
 Armour: Leather armour    |    19 |       |       |       |       ||    19
         Ring mail         |    42 |    83 |   124 |   420 |   248 ||   917
         Fire dragon scale |       |       |       |       |   357 ||   357
  Dodge: Dodged            |    75 |    78 |   105 |   429 |   647 ||  1334
  Block: Buckler           |       |       |       |   166 |   435 ||   601
